 Dungeon Crawl Stone Soup version 0.23-a0-712-g3a644c0 (console) character file.

40176 Duffy the Thaumaturge (level 13, 98/98 HPs)
             Began as a Demonspawn Fire Elementalist on Jan 15, 2019.
             Was a High Priest of Sif Muna.
             Quit the game on level 6 of the Lair of Beasts.
             The game lasted 00:47:56 (28168 turns).

Duffy the Thaumaturge (DsFE)                       Turns: 28168, Time: 00:47:57

Health: 98/98      AC: 20    Str:  9    XL:     13   Next: 73%
Magic:  37/37      EV: 21    Int: 30    God:    Sif Muna [*****.]
Gold:   551        SH:  0    Dex: 14    Spells: 18/34 levels left

rFire    . . .     SeeInvis +   u - +4 spear {freeze, *Drain +Blink rElec MP+9}
rCold    + . .     Gourm    +   (no shield)
rNeg     + . .     Faith    .   A - +2 leather armour of Past Mistakes {rN+ Int+2}
rPois    .         Spirit   .   J - +3 crown of Dyrovepreva {rElec Int+2 SInv}
rElec    +         Reflect  .   W - +1 cloak "Roimivea" {Int+5}
rCorr    .         Harm     .   G - +2 pair of gloves
MR       .....                  e - +0 pair of boots
Stlth    +++.......             S - amulet of the gourmand
HPRegen  0.26/turn              o - +5 ring of evasion
MPRegen  0.25/turn              b - ring of protection from cold

@: divine energy
A: horns 2, iridescent scales 3, nightstalker 1, powered by death 2
a: Stop Divine Energy, Channel Magic, Forget Spell, Renounce Religion, Evoke
Blink


You were on level 6 of the Lair of Beasts.
You worshipped Sif Muna.
Sif Muna was extremely pleased with you.
You were full.

You visited 3 branches of the dungeon, and saw 18 of its levels.
You also visited: Sewer and Ice Cave.

You collected 1192 gold pieces.
You spent 641 gold pieces at shops.

Inventory:

Hand Weapons
 u - the +4 spear "Heudamea" (weapon) {freeze, *Drain +Blink rElec MP+9}
   (You found it on level 10 of the Dungeon)

   It has been specially enchanted to freeze those struck by it, causing extra
   injury to most foes and up to half again as much damage against particularly
   susceptible opponents.
   It can also slow down cold-blooded creatures.
   It insulates you from electricity.
   It affects your magic capacity (+9).
   It lets you blink.
   It causes draining when unequipped.
 M - a +0 blowgun
Missiles
 E - 5 curare-tipped needles
Armour
 e - a +0 pair of boots (worn)
 A - the +2 leather armour of Past Mistakes (worn) {rN+ Int+2}
   (You found it on level 2 of the Lair of Beasts)

   It affects your intelligence (+2).
   It protects you from negative energy.
 G - a +2 pair of gloves (worn)
 J - the +3 crown of Dyrovepreva (worn) {rElec Int+2 SInv}
   (You found it on level 4 of the Lair of Beasts)

   It affects your intelligence (+2).
   It insulates you from electricity.
   It lets you see invisible.
 P - the +0 pair of gloves of Cowardice {+Inv rElec rC+ rCorr Str-5}
   (You bought it in a shop on level 8 of the Dungeon)

   It affects your strength (-5).
   It protects you from cold.
   It insulates you from electricity.
   It lets you turn invisible.
   It provides partial protection from all sources of acid and corrosion.
 U - the +1 robe of the Slug {rCorr}
   (You found it in an ice cave)

   It provides partial protection from all sources of acid and corrosion.
 W - the +1 cloak "Roimivea" (worn) {Int+5}
   (You found it in an ice cave)

   It affects your intelligence (+5).
 X - a +2 robe of magic resistance
Jewellery
 b - a ring of protection from cold (right hand)
 o - a +5 ring of evasion (left hand)
 O - an uncursed ring of positive energy
 Q - an uncursed ring of protection from magic
 S - an amulet of the gourmand (around neck)
Wands
 a - a wand of enslavement (9)
 d - a wand of disintegration (13)
 s - a wand of flame (24)
 B - a wand of acid (7)
 H - a wand of iceblast (11)
 L - a wand of digging (8)
 V - a wand of paralysis (8)
Scrolls
 i - 4 scrolls of immolation
 j - 2 scrolls of magic mapping
 k - 2 scrolls of fog
 l - 8 scrolls of amnesia
 r - 2 scrolls of enchant weapon
 t - 4 scrolls of blinking
 y - 12 scrolls of teleportation
 z - 4 scrolls of remove curse
 D - a scroll of brand weapon
 F - 4 scrolls of enchant armour
 K - a scroll of vulnerability
 R - a scroll of torment
 T - 7 scrolls of fear
 Y - a scroll of summoning
Potions
 f - 5 potions of agility
 g - 2 potions of flight
 h - a potion of brilliance
 m - 2 potions of magic
 n - a potion of haste
 p - 5 potions of curing
 q - 4 potions of heal wounds
 v - 3 potions of mutation
 w - 7 potions of lignification
 x - 3 potions of berserk rage
 C - 2 potions of ambrosia
 I - 2 potions of might
Comestibles
 c - 31 rations


   Skills:
 - Level 8.2 Fighting
 - Level 7.6 Dodging
 - Level 1.7 Stealth
 + Level 11.2 Spellcasting
 + Level 10.0 Conjurations
 + Level 9.5 Fire Magic
 - Level 3.0 Earth Magic
 - Level 10.1 Invocations
 - Level 6.5 Evocations


You had 18 spell levels left.
You knew the following spells:

 Your Spells              Type           Power        Failure   Level  Hunger
h - Stone Arrow           Conj/Erth      ######       1%          3    None
j - Sticky Flame          Conj/Fire      ######..     1%          4    None
k - Fireball              Conj/Fire      ######....   2%          5    ###....
l - Conjure Flame         Conj/Fire      ######..     1%          3    None
y - Flame Tongue          Conj/Fire      #####        1%          1    None

Your spell library contained the following spells:

 Spells                   Type           Power        Failure   Level  Hunger
 Magic Dart               Conj           ####         1%          1    None
 Sandblast                Erth           #####.       1%          1    None
 Searing Ray              Conj           ######       1%          2    None
 Throw Flame              Conj/Fire      ######       1%          2    None
 Dazzling Spray           Conj/Hex       #####.       1%          3    None
 Inner Flame              Hex/Fire       #####...     1%          3    None
 Passwall                 Tmut/Erth      ####....     3%          2    None
 Animate Skeleton         Necr           N/A          4%          1    None
 Apportation              Tloc           ###...       4%          1    None
 Beastly Appendage        Tmut           ###...       4%          1    None
 Confusing Touch          Hex            ###...       4%          1    None
 Corona                   Hex            ###....      4%          1    None
 Summon Small Mammal      Summ           ###.         4%          1    None
 Throw Icicle             Conj/Ice       #####...     5%          4    None
 Ensorcelled Hibernation  Hex/Ice        ###...       7%          2    None
 Poisonous Vapours        Pois/Air       ###...       7%          2    None
 Sticks to Snakes         Tmut           ###.....     7%          2    None
 Confuse                  Hex            ###.....     13%         3    None
 Gell's Gravitas          Tloc           ###.......   13%         3    None
 Spider Form              Tmut/Pois      ###.......   13%         3    None
 Tukima's Dance           Hex            ###.....     13%         3    None
 Petrify                  Tmut/Erth      ####....     22%         4    None
 Lee's Rapid Deconstruct  Erth           #####.....   34%         5    ###....
 Ice Form                 Ice/Tmut       ###.....     41%         4    None
 Passage of Golubria      Tloc           N/A          41%         4    None
 Blade Hands              Tmut           ###.......   77%         5    ###....
 Metabolic Englaciation   Hex/Ice        ###.......   77%         5    ###....
 Silence                  Hex/Air        ###.......   77%         5    ###....
 Yara's Violent Unravell  Hex/Tmut       ###.......   77%         5    ###....
 Chain Lightning          Conj/Air       #####.....   100%        8    #######
 Lehudib's Crystal Spear  Conj/Erth      ######....   100%        8    #######
 Glaciate                 Conj/Ice       #####.....   100%        9    #######
 Tornado                  Air            ###.......   100%        9    #######


Dungeon Overview and Level Annotations

Branches:
Dungeon (11/15)            Temple (1/1) D:7            Lair (6/6) D:11
 Shoals (0/4) Lair:3        Snake (0/4) Lair:4        Slime (0/5) Lair:6
    Orc (0/2) D:10

Altars:
Ashenzari
Cheibriados
Dithmenos
Elyvilon
Fedhas
Gozag
Hepliaklqana
Kikubaaqudgha
Makhleb
Nemelex Xobeh
Okawaru
Qazlal
Ru
Sif Muna
Trog
Uskayaw
Vehumet
Wu Jian
Xom
Yredelemnul
Zin
The Shining One

Shops:
D:8 ?*[[

Annotations:
D:5 exclusion: zombie, Dowan, Duvessa
D:6 exclusions: ugly thing and 1 more exclusion
D:9 exclusion: upstairs
Lair:4 3 runed doors, Caaffuqiox's ghost, journeyman MfGl
Lair:6 exclusion: wolf


Innate Abilities, Weirdness & Mutations

You have a pair of horns on your head.
You are completely covered in iridescent scales. (AC +6)
You are slightly more attuned to the shadows.
You regenerate health from kills.


Message History

Confirm with . or Enter, or press ? or * to list all spells.
Aiming: Sticky Flame (safe; 1% risk of failure)
Press: ? - help, Shift-Dir - straight line, f/p - black mamba
Aim: a black mamba (heavily wounded)
The sticky flame hits the black mamba.
The black mamba is severely wounded.
The black mamba is covered in liquid flames!
The black mamba burns!
The black mamba bites you! The black mamba barely misses you.
The black mamba burns!
The black mamba burns!
The black mamba closely misses you.
The black mamba burns!
You kill the black mamba!
Sif Muna accepts your kill.
There is a stone staircase leading up here.
You start resting.
HP restored.
Magic restored.
Autopickup is now off.
Are you sure you want to abandon this character and quit the game? (Confirm with "yes".)

##......#......#
#............##
###............#
#.#.........#.## ##
##..........###
.##.###..........##
....P..P...........
................P..
......@.............
.....)...............
.....................
.....................
.....................
.....................
.....................
.................#.#
.....P..........#


There were no monsters in sight!

Vanquished Creatures
  Snorg (Lair:3)
  5 hydras
  A catoblepas (Lair:4)
  4 two-headed ogres
  6 death yaks (Lair:5)
  A necromancer (IceCv)
  An ugly thing (D:11)
  An elephant (D:11)
  3 black mambas
  A merfolk siren (Lair:3)
  3 ice statues (IceCv)
  6 spiny frogs
  3 komodo dragons
  6 rime drakes
  A kobold demonologist (D:11)
  A polar bear (Lair:6)
  9 ice devils (IceCv)
  A troll (D:11)
  10 blink frogs
  Prince Ribbit (D:6)
  3 merfolk (Lair:3)
  4 hippogriffs
  4 dream sheep (Lair:6)
  2 wyverns
  13 yaks
  A basilisk (D:11)
  A hungry ghost (D:11)
  4 nagas (Lair:4)
  15 water moccasins
  6 porcupines
  2 sky beasts
  6 ice beasts
  7 orc warriors
  3 phantoms
  7 wolves
  3 ogres
  An eye of draining (D:5)
  3 necrophages (D:9)
  14 killer bees
  7 centaurs
  10 crocodiles
  19 bullfrogs
  A big kobold (D:8)
  Blork the orc (D:4)
  3 water moccasin zombies
  2 wyvern zombies
  A wyvern skeleton (D:8)
  2 scorpions
  8 wights
  2 howler monkeys (D:9)
  3 crimson imps
  2 bullfrog zombies
  2 centaur zombies
  2 draconian simulacra (IceCv)
  A quasit (D:7)
  A gnoll shaman (D:7)
  6 jellies
  8 hounds
  2 centaur skeletons
  12 orc priests
  11 orc wizards
  A bullfrog skeleton (D:5)
  Jessica (D:3)
  3 iguanas
  2 troll simulacra (IceCv)
  7 worker ants
  A killer bee zombie (D:8)
  2 centaur simulacra (IceCv)
  A howler monkey zombie (D:5)
  Robin (D:3)
  7 gnolls
  3 ogre simulacra (IceCv)
  17 adders
  A naga simulacrum (IceCv)
  4 shadow imps
  An ooze (D:1)
  3 adder zombies
  2 worms
  12 leopard geckos
  69 orcs
  5 giant cockroaches
  6 hobgoblins
  5 jackals
  4 quokkas
  2 ball pythons
  10 bats
  10 frilled lizards
  15 goblins
  10 kobolds
  A leopard gecko skeleton (D:4)
  A leopard gecko zombie (D:9)
  A quokka zombie (D:6)
  11 rats
  A fungus (Lair:5)
490 creatures vanquished.

Vanquished Creatures (collateral kills)
  2 killer bees (D:8)
  A hound skeleton (D:10)
  2 orcs (D:10)
5 creatures vanquished.

Vanquished Creatures (others)
  2 killer bees (D:8)
  A bush (D:9)
  12 fungi
  8 plants
23 creatures vanquished.

Grand Total: 518 creatures vanquished

Notes
Turn   | Place    | Note
-------+----------+-------------------------------------------
     0 | D:1      | Duffy the Demonspawn Fire Elementalist began the quest for
                  | the Orb.
     0 | D:1      | Reached XP level 1. HP: 13/13 MP: 3/3
   244 | D:1      | Gained mutation: You are partially covered in iridescent
                  | scales. (AC +2) [demonic ancestry]
   244 | D:1      | Reached XP level 2. HP: 9/19 MP: 0/5
   812 | D:1      | Gained mutation: You are mostly covered in iridescent
                  | scales. (AC +4) [demonic ancestry]
   812 | D:1      | Reached XP level 3. HP: 24/24 MP: 6/6
   818 | D:1      | Learned a level 3 spell: Conjure Flame
  2153 | D:3      | Reached XP level 4. HP: 30/30 MP: 5/7
  2483 | D:3      | Noticed Robin
  2748 | D:3      | Killed Robin
  2750 | D:3      | Noticed Jessica
  2951 | D:3      | Killed Jessica
  2951 | D:3      | Reached XP level 5. HP: 35/35 MP: 4/9
  3462 | D:4      | Reached skill level 3 in Spellcasting
  3594 | D:4      | Learned a level 4 spell: Sticky Flame
  3972 | D:4      | Gained mutation: You are slightly more attuned to the
                  | shadows. [demonic ancestry]
  3972 | D:4      | Reached XP level 6. HP: 23/41 MP: 5/11
  4649 | D:4      | Noticed Blork the orc
  4657 | D:4      | Killed Blork the orc
  4955 | D:4      | Reached skill level 4 in Spellcasting
  4955 | D:4      | Reached skill level 5 in Conjurations
  4955 | D:4      | Reached XP level 7. HP: 46/46 MP: 2/13
  5044 | D:4      | Found a shimmering altar of Xom.
  5497 | D:5      | Entered Level 5 of the Dungeon
  5635 | D:5      | Noticed Duvessa
  5635 | D:5      | Noticed Dowan
  5728 | D:5      | Reached skill level 5 in Fire Magic
  5814 | D:5      | Found a glowing drain.
  5826 | Sewer    | Entered a sewer
  5969 | Sewer    | Reached skill level 5 in Spellcasting
  6419 | D:5      | Reached skill level 1 in Fighting
  6419 | D:5      | Reached skill level 1 in Evocations
  6599 | D:5      | Gained mutation: You are completely covered in iridescent
                  | scales. (AC +6) [demonic ancestry]
  6599 | D:5      | Reached XP level 8. HP: 52/56 MP: 9/15
  7782 | D:6      | Noticed Prince Ribbit
  7795 | D:6      | Killed Prince Ribbit
  8021 | D:6      | Reached skill level 5 in Fighting
  8021 | D:6      | Reached skill level 5 in Evocations
  8128 | D:6      | Noticed a brown ugly thing
  8310 | D:7      | Found a staircase to the Ecumenical Temple.
  8322 | Temple   | Entered the Ecumenical Temple
  8726 | D:7      | Gained mutation: You regenerate a little health from kills.
                  | [demonic ancestry]
  8726 | D:7      | Reached XP level 9. HP: 68/68 MP: 2/16
 10060 | D:8      | Learned a level 5 spell: Fireball
 10078 | D:8      | Found Zejaeh's Armour Shop.
 10511 | D:8      | Found Qoss's Antique Armour Shoppe.
 10959 | D:8      | Reached skill level 5 in Dodging
 10981 | D:8      | Found a deep blue altar of Sif Muna.
 11083 | D:9      | Noticed a two-headed ogre
 11110 | D:8      | Killed a two-headed ogre
 11110 | D:8      | Reached XP level 10. HP: 51/80 MP: 1/17
 11873 | D:9      | Found a radiant altar of Vehumet.
 12128 | D:8      | Became a worshipper of Sif Muna the Loreminder
 12484 | D:8      | Found Files's Magic Scroll Boutique.
 12497 | D:8      | Bought a scroll of identify for 26 gold pieces
 12497 | D:8      | Bought a scroll of identify for 26 gold pieces
 12497 | D:8      | Bought a scroll of identify for 26 gold pieces
 12588 | D:8      | Found a snail-covered altar of Cheibriados.
 12746 | D:8      | Found Voerhaomp's Demolitions Depot.
 13170 | D:8      | Bought a pair of distressingly furry gloves for 266 gold
                  | pieces
 13170 | D:8      | Identified the +0 pair of gloves of Cowardice {+Inv rElec
                  | rC+ rCorr Str-5} (You bought it in a shop on level 8 of the
                  | Dungeon)
 13217 | D:8      | Bought a scroll of fear for 45 gold pieces
 13322 | D:9      | Found a hide-covered altar of Uskayaw.
 13527 | D:9      | Reached skill level 6 in Spellcasting
 14284 | D:9      | Found a blossoming altar of Fedhas.
 14422 | D:9      | Reached * piety under Sif Muna
 14614 | D:9      | Found a bloodstained altar of Trog.
 14735 | D:10     | Entered Level 10 of the Dungeon
 15222 | D:10     | Reached skill level 7 in Spellcasting
 15609 | D:10     | Noticed a two-headed ogre
 15627 | D:10     | Killed a two-headed ogre
 15627 | D:10     | Gained mutation: You have a pair of small horns on your
                  | head. [demonic ancestry]
 15627 | D:10     | Reached XP level 11. HP: 86/86 MP: 7/21
 16110 | D:10     | Reached ** piety under Sif Muna
 16185 | D:10     | Found a staircase to the Orcish Mines.
 16330 | D:8      | Bought an encrusted ring mail for 252 gold pieces
 16340 | D:8      | Identified the +4 ring mail of the Gardener {rElec rF- MR+}
                  | (You bought it in a shop on level 8 of the Dungeon)
 16453 | D:10     | Got an ancient spear
 16481 | D:10     | Identified the +4 spear "Heudamea" {freeze, *Drain +Blink
                  | rElec MP+9} (You found it on level 10 of the Dungeon)
 16556 | D:10     | Noticed a two-headed ogre
 16566 | D:10     | Killed a two-headed ogre
 17112 | D:11     | Noticed a two-headed ogre
 17146 | D:11     | Killed a two-headed ogre
 17342 | D:11     | Noticed a brown ugly thing
 17350 | D:11     | Killed a brown ugly thing
 17414 | D:11     | Reached skill level 8 in Spellcasting
 17905 | D:11     | Reached *** piety under Sif Muna
 18012 | D:11     | Found a staircase to the Lair.
 18067 | D:11     | Reached skill level 1 in Invocations
 18589 | Lair:1   | Entered Level 1 of the Lair of Beasts
 19749 | Lair:2   | Gained mutation: You have a pair of horns on your head.
                  | [demonic ancestry]
 19749 | Lair:2   | Reached XP level 12. HP: 92/93 MP: 24/24
 19781 | Lair:2   | Got a jewelled leather armour
 19792 | Lair:2   | Identified the +2 leather armour of Past Mistakes {rN+
                  | Int+2} (You found it on level 2 of the Lair of Beasts)
 20138 | Lair:2   | Reached **** piety under Sif Muna
 21098 | Lair:3   | Found a frozen archway.
 21107 | Lair:3   | Reached skill level 9 in Spellcasting
 21173 | IceCv    | Entered an ice cave
 21214 | IceCv    | Reached skill level 5 in Invocations
 22567 | IceCv    | Got a sheer robe
 22569 | IceCv    | Got a bloodstained cloak
 22575 | IceCv    | Identified the +1 cloak "Roimivea" {Int+5} (You found it in
                  | an ice cave)
 22637 | IceCv    | Identified the +1 robe of the Slug {rCorr} (You found it in
                  | an ice cave)
 22920 | Lair:3   | Found a staircase to the Shoals.
 23087 | Lair:3   | Noticed Snorg
 23097 | Lair:3   | Killed Snorg
 23430 | Lair:3   | Reached ***** piety under Sif Muna
 23599 | Lair:3   | Identified Sif Muna's Tome of Displacement and Air (Sif
                  | Muna gifted it to you on level 3 of the Lair of Beasts)
 23599 | Lair:3   | Received a gift from Sif Muna
 24129 | Lair:4   | Noticed a catoblepas
 24143 | Lair:4   | Killed a catoblepas
 24143 | Lair:4   | Noticed a five-headed hydra
 24158 | Lair:3   | Killed a five-headed hydra
 24386 | Lair:4   | You fall through a shaft for 2 floors!
 24386 | Lair:6   | Entered Level 6 of the Lair of Beasts
 24433 | Lair:6   | Reached skill level 10 in Spellcasting
 24556 | Lair:6   | Gained mutation: You regenerate health from kills. [demonic
                  | ancestry]
 24556 | Lair:6   | Reached XP level 13. HP: 81/98 MP: 20/27
 25172 | Lair:3   | Learned a level 3 spell: Stone Arrow
 25205 | Lair:4   | Found a staircase to the Snake Pit.
 25406 | Lair:4   | Reached skill level 1 in Earth Magic
 25866 | Lair:4   | Found the +3 crown of Dyrovepreva {rElec Int+2 SInv}
 25991 | Lair:4   | Found a runed gate.
 25992 | Lair:4   | Found a runed gate.
 25993 | Lair:4   | Found a runed gate.
 25993 | Lair:4   | Noticed Caaffuqiox's ghost (journeyman MfGl)
 26548 | Lair:5   | Reached skill level 10 in Invocations
 26550 | Lair:5   | Reached skill level 11 in Spellcasting
 27065 | Lair:5   | Identified Dutsish's Tome of Hurtful Translocation (Sif
                  | Muna gifted it to you on level 5 of the Lair of Beasts)
 27065 | Lair:5   | Received a gift from Sif Muna
 27943 | Lair:5   | Reached skill level 10 in Conjurations
 28104 | Lair:6   | Found a staircase to the Slime Pits.
 28168 | Lair:6   | Quit the game

Vault maps used:
D:1:      erik_arrival_triangle_medium
D:2:      first_ration, hangedman_glass_teeth, minmay_misc_feat_tiny
D:3:      uniq_jessica, uniq_robin
D:4:      old_standard_altar, minmay_lizard_king, uniq_blork_the_orc
D:5:      portal_sewer_entry_d, serial_glass, glass_columns_b, glass_columns_a,
          glass_columns_a, glass_columns_b, glass_columns_a, glass_columns_a,
          hangedman_decor_push, uniq_duvessa
D:6:      cheibrodos_two_vegetables, uniq_prince_ribbit1
D:7:      minmay_temple_entry_hall
D:8:      overflow_temple_1_default, nicolae_overflow_hidden_temple,
          serial_shops, nicolae_shop_stone, nicolae_shop_stone, shop_scrolls,
          nicolae_blasting_shop
D:9:      lemuel_coloured_pillars_altar, old_standard_altar,
          lemuel_crystal_altar, fedhas_altar_decomposition
D:10:     hiddenorc2_lemuel
D:11:     david_lair_generic
Temple:   nicolae_temple_elliptical
Lair:1:   grunt_megastairs_3
Lair:2:   serial_bayou_shore_b
Lair:3:   elwin_shoals_entry_stream, portal_ice_cave_rime, minivault_19,
          chequers_serial_rivers_room_b, serial_bayou_shore_b,
          grunt_megastairs_2, uniq_snorg
Lair:4:   minmay_snake_entry_guardpost_medium, gammafunk_ghost_hydra_chop,
          lemuel_fruit_tree
Lair:5:   cheibrodos_lair_river_kwai, lemuel_fruit_fields, grunt_megastairs_5,
          serial_bayou_shore_a
Lair:6:   minmay_lair_end_enchanted_forest, slime_dummy, kilobyte_rumbling_trees
Sewer:    sewer_the_crocodile
IceCv:    ice_cave_tombish

Skill      XL: |  1  2  3  4  5  6  7  8  9 10 11 12 13 |
---------------+----------------------------------------+-----
Conjurations   | 2 3 4 5 7 9 10 | 10.0
Fire Magic     | 3 4 5 7 9 |  9.5
Spellcasting   | 3 4 5 7 8 10 11 | 11.2
Fighting       | 1 5 8 |  8.2
Evocations     | 1 5 6 |  6.5
Dodging        | 5 7 |  7.6
Invocations    | 4 8 10 | 10.1
Earth Magic    | 3 |  3.0
Stealth        | |  1.7

Action                   |  1- 3 |  4- 6 |  7- 9 | 10-12 | 13-15 || total
-------------------------+-------+-------+-------+-------+-------++-------
Melee: Dagger            |    19 |       |       |       |       ||    19
       Unarmed           |     8 |       |       |       |       ||     8
       Spear             |    26 |    61 |    41 |   135 |     7 ||   270
       Mace              |       |       |    47 |       |       ||    47
       Great sword       |       |       |       |    69 |       ||    69
       Scimitar          |       |       |       |    17 |       ||    17
       Headbutt          |       |       |       |    25 |       ||    25
Throw: Tomahawk          |       |       |     1 |       |       ||     1
 Cast: Flame Tongue      |    60 |   113 |   256 |   375 |    17 ||   821
       Conjure Flame     |       |     1 |    24 |    37 |     3 ||    65
       Sticky Flame      |       |     1 |    14 |   115 |    25 ||   155
       Fireball          |       |       |       |    23 |    35 ||    58
       Stone Arrow       |       |       |       |       |    45 ||    45
Invok: Divine Energy     |       |       |       |     1 |       ||     1
       Channel Magic     |       |       |       |       |     1 ||     1
 Abil: Evoke Blink       |       |       |       |       |     5 ||     5
Evoke: Wand              |       |     3 |     6 |    13 |       ||    22
  Use: Scroll            |       |       |    13 |    20 |     2 ||    35
 Stab: Sleeping          |     1 |       |     3 |     2 |       ||     6
       Distracted        |       |       |       |     2 |       ||     2
       Petrified         |       |       |       |     1 |       ||     1
  Eat: Chunk             |     5 |     9 |    16 |    64 |    11 ||   105
       Ration            |       |       |     2 |     1 |       ||     3
Armor: Robe              |    31 |    49 |    77 |   137 |       ||   294
       Leather armour    |       |       |       |    36 |    35 ||    71
Dodge: Dodged            |    49 |    73 |   124 |   433 |    67 ||   746
       Rpst.: Scimitar   |       |       |     3 |    17 |       ||    20
       Great sword       |       |       |       |    40 |       ||    40

Table legend:
 A = Non-vault XP
 B = Vault XP
 C = Vault XP percentage of total XP
 D = Non-vault monster count
 E = Vault monster count
 F = Vault count percentage of total count
                 A         B        C        D         E       F
            +---------+---------+-------+---------+---------+-------
      Total |   42061 |   15334 |  26.7 |     371 |     124 |  25.1
            +---------+---------+-------+---------+---------+-------
        D:1 |      46 |       0 |   0.0 |      26 |       0 |   0.0
        D:2 |      54 |       8 |  12.9 |      17 |       4 |  19.0
        D:3 |      69 |      66 |  48.9 |      19 |       9 |  32.1
        D:4 |     541 |     147 |  21.4 |      27 |      14 |  34.1
        D:5 |     613 |      13 |   2.1 |      16 |       1 |   5.9
        D:6 |     512 |     425 |  45.4 |      15 |       3 |  16.7
        D:7 |    1222 |       0 |   0.0 |      22 |       0 |   0.0
        D:8 |    3156 |       0 |   0.0 |      41 |       0 |   0.0
        D:9 |    1928 |     501 |  20.6 |      40 |       7 |  14.9
       D:10 |    3253 |     491 |  13.1 |      29 |      31 |  51.7
       D:11 |    4040 |     984 |  19.6 |      26 |       4 |  13.3
     Lair:1 |    2985 |     397 |  11.7 |      13 |       1 |   7.1
     Lair:2 |    1668 |       0 |   0.0 |      11 |       0 |   0.0
     Lair:3 |    3528 |    3554 |  50.2 |      18 |       8 |  30.8
     Lair:4 |    5798 |     637 |   9.9 |      21 |       4 |  16.0
     Lair:5 |    8936 |    2479 |  21.7 |      17 |       8 |  32.0
     Lair:6 |    3712 |     306 |   7.6 |      13 |       1 |   7.1
      Sewer |       0 |     113 | 100.0 |       0 |       6 | 100.0
      IceCv |       0 |    5213 | 100.0 |       0 |      23 | 100.0
            +---------+---------+-------+---------+---------+-------
